 Dungeon Crawl Stone Soup version 0.24.0-123-gd5b16e6ec5 (webtiles) character file.

Game seed: 9426537283028074886, levelgen mode: deterministic

436 Ponchio the Digger (level 6, -19/32 HPs)
             Began as a Deep Elf Earth Elementalist on Jan 20, 2020.
             Demolished by an ogre
             ... wielding a +0 giant club
              (29 damage)
             ... on level 4 of the Dungeon.
             The game lasted 00:14:53 (3926 turns).

Ponchio the Digger (Deep Elf Earth Elementalist)    Turns: 3926, Time: 00:14:53

Health: -19/32     AC:  3    Str: 11    XL:     6   Next: 69%
Magic:  17/17      EV: 13    Int: 22    God:
Gold:   186        SH:  0    Dex: 15    Spells: 4/17 levels left

rFire    + . .     SeeInvis .   e - +0 dagger
rCold    . . .     Gourm    .   (no shield)
rNeg     . . .     Faith    .   c - +0 robe
rPois    .         Spirit   .   (no helmet)
rElec    .         Reflect  .   (no cloak)
rCorr    .         Harm     .   l - +0 pair of gloves
MR       .....                  (no boots)
Stlth    ++........             (no amulet)
HPRegen  0.10/turn              a - ring of protection from fire
MPRegen  0.15/turn              f - +6 ring of strength

@: no status effects
A: no striking features
a: no special abilities


You were on level 4 of the Dungeon.
You were very hungry.

You visited 1 branch of the dungeon, and saw 4 of its levels.

You collected 186 gold pieces.

Inventory:

Hand Weapons
 e - a +0 dagger (weapon)
Armour
 c - a +0 robe (worn)
 l - a +0 pair of gloves (worn)
Magical Staves
 g - an uncursed staff of cold
Jewellery
 a - a ring of protection from fire (left hand)
 f - a +6 ring of strength (right hand)
Scrolls
 b - a scroll of enchant weapon {unknown}
 k - 2 scrolls of remove curse
 n - a scroll of identify
 o - a scroll of teleportation {unknown}
Potions
 h - a potion of heal wounds {unknown}
 i - a potion of haste {unknown}
 j - a potion of magic {unknown}
 m - 2 potions of agility
Comestibles
 d - 10 rations


   Skills:
 - Level 2.4 Dodging
 - Level 2.4 Stealth
 + Level 6.0 Spellcasting
 - Level 1.1 Transmutations
 * Level 7.1 Earth Magic


You had 4 spell levels left.
You knew the following spells:

 Your Spells              Type           Power        Failure   Level  Hunger
a - Sandblast             Erth           #####.       1%          1    None
b - Passwall              Tmut/Erth      ###.....     2%          2    None
c - Stone Arrow           Conj/Erth      ###...       6%          3    #......
d - Petrify               Tmut/Erth      ###.....     17%         4    ###....
e - Confuse               Hex            #.......     26%         3    #......

Your spell library contained the following spells:

 Spells                   Type           Power        Failure   Level  Hunger
 Confusing Touch          Hex            #.....       9%          1    None
 Gell's Gravitas          Tloc           #.........   26%         3    #......
 Lee's Rapid Deconstruct  Erth           #####.....   14%         5    #####..
 Yara's Violent Unravell  Hex/Tmut       #.........   90%         5    #####..
 Metabolic Englaciation   Hex/Ice        #.........   94%         5    #####..


Dungeon Overview and Level Annotations

Branches:
Dungeon (4/15)
 Temple: D:4-7

Altars:
Gozag
Hepliaklqana
Nemelex Xobeh
Zin

Shops:
D:4 [[[*


Message History

There is an open door here.
There is an open door here.
Your magical contamination has completely faded away.
There is an open door here.
You open the door.
There is an open door here.
Casting: Stone Arrow (safe; 6% risk of failure)
Confirm with . or Enter, or press ? or * to list all spells.
Aiming: Stone Arrow (safe; 6% risk of failure)
Press: ? - help, Shift-Dir - straight line, f - ogre
Aim: an ogre, wielding a +0 giant club The stone arrow hits the ogre!
The ogre is heavily wounded.
The ogre hits you with a +0 giant club!!
Ouch! That really hurt!
* * * LOW HITPOINT WARNING * * *
There is a stone staircase leading up here.
The ogre hits you with a +0 giant club!!
Ouch! That really hurt!
You die...

........#.#####.#
###.###.......#.#
##...####.>.....##
#.....# ##..<....#
##...## #.##.##.#
##.## #.##.##.# #.#
#.##.##.## #.#
#.##.....# ##'##
#.#####@.# ##...##
#.# #O.# #.....##
#.#####..#
.......###........#
........####...##.#
........'....∩..#.#
........####...##.#
.......## ##.###)#
#.....## ##....#


You could see an ogre.

Vanquished Creatures
  Grinder (D:4)
  An ogre (D:4)
  An iguana (D:4)
  7 adders
  2 oozes (D:3)
  2 worms
  3 dart slugs
  4 orcs
  2 bats
  3 giant cockroaches
  3 hobgoblins
  4 jackals
  6 kobolds
  3 quokkas
  6 frilled lizards
  10 goblins
  14 rats
72 creatures vanquished.

Notes
Turn   | Place    | Note
-------+----------+-------------------------------------------
     0 | D:1      | Ponchio the Deep Elf Earth Elementalist began the quest for
                  | the Orb.
     0 | D:1      | Reached XP level 1. HP: 10/10 MP: 6/6
   226 | D:1      | Reached XP level 2. HP: 15/15 MP: 5/8
   255 | D:1      | Learned a level 2 spell: Passwall
   417 | D:1      | Reached skill level 4 in Earth Magic
   639 | D:2      | Reached XP level 3. HP: 19/19 MP: 8/10
   980 | D:2      | Found a sparkling altar of Nemelex Xobeh.
  1690 | D:2      | Reached XP level 4. HP: 23/24 MP: 9/12
  1757 | D:2      | Learned a level 3 spell: Stone Arrow
  1762 | D:2      | Learned a level 4 spell: Petrify
  1925 | D:3      | Reached skill level 5 in Earth Magic
  2055 | D:3      | Found an opulent altar of Gozag.
  2309 | D:3      | Found a glowing silver altar of Zin.
  2508 | D:3      | Found a hazy altar of Hepliaklqana.
  2773 | D:3      | Reached XP level 5. HP: 25/28 MP: 14/14
  3055 | D:4      | Found Ebann's Armour Shop.
  3070 | D:4      | Learned a level 3 spell: Confuse
  3086 | D:4      | Found Zuosidas's Armour Emporium.
  3281 | D:4      | Noticed an ogre
  3281 | D:4      | Noticed an ogre
  3326 | D:4      | Found Kilexomnyi's Armour Shoppe.
  3591 | D:4      | Found Huzeutafa's Assorted Antiques.
  3606 | D:4      | Noticed Grinder
  3618 | D:4      | Killed Grinder
  3618 | D:4      | Reached skill level 5 in Spellcasting
  3618 | D:4      | Reached skill level 6 in Earth Magic
  3618 | D:4      | Reached XP level 6. HP: 32/32 MP: 3/16
  3838 | D:4      | Reached skill level 7 in Earth Magic
  3926 | D:4      | Demolished by an ogre

Levels and vault maps discovered:
D:1:      doesnt_arrival_eight_statues, layout_basic
D:2:      layout_basic, nemelex_xobeh_ov_fountains_minmay,
          minmay_rat_gold_closets
D:3:      layout_loops_cross, zin_academy, lemuel_doored_altar,
          lemuel_crystal_altar, first_ration
D:4:      layout_loops_corners, serial_shops, nicolae_shop_behind_doors, shop,
          nicolae_shop_statue_plus, nicolae_shop_trees, uniq_grinder

Skill      XL: |  1  2  3  4  5  6 |
---------------+-------------------+-----
Earth Magic    | 4 5 6 7 |  7.1
Spellcasting   | 4 5 6 |  6.0
Dodging        | |  2.4
Stealth        | |  2.4
Transmutations | |  1.1

Action                   |  1- 3 |  4- 6 || total
-------------------------+-------+-------++-------
Melee: Dagger            |    29 |    59 ||    88
 Cast: Sandblast         |    47 |    27 ||    74
       Stone Arrow       |       |    15 ||    15
  Use: Scroll            |     2 |     4 ||     6
 Stab: Sleeping          |     7 |     4 ||    11
  Eat: Chunk             |     2 |     3 ||     5
       Ration            |       |     1 ||     1
Armor: Robe              |     4 |    10 ||    14
Dodge: Dodged            |    27 |    43 ||    70
